AoeStats
← kolemy

Black Forest

503195372Analyzed
3v3 RM · 1mo ago on Aug 30, 2026· 84m 29s· 6 players
Game mode
Random Map
Map size
Normal (6 player)
Population
200
Speed
Normal
Resources
Standard
Victory
Conquest
Starting age
Dark Age
Ending age
Imperial Age
RankedLock teamsTeams togetherTeam positionsShared explorationLock speedFull tech treeHidden civsTurbo modeCheats
Victory
Defeat
🇪🇨 Maya · Ecuador
569
+17
🇪🇨 Teutons · Ecuador
563
+17
🇲🇽 Franks · Mexico
557
+17
🇺🇸 Chinese · United States
604
-18
🇬🇹 Vietnamese · Guatemala
601
-18
🇺🇸 Italians · United States
543
-15
Bernardo Vivanco
0:49 Loom
24:52 Feudal Age
26:29 Wheelbarrow
26:17 Scale Mail Armor
26:27 Forging
25:43 Man-at-Arms
26:09 Arson
26:41 Gold Mining
26:52 Double-Bit Axe
29:55 Scale Barding Armor
34:57 Town Watch
35:20 Stone Mining
37:36 Horse Collar
42:01 Castle Age
43:51 Caravan
45:16 Hand Cart
46:14 Chain Mail Armor
46:35 Iron Casting
46:21 Chain Barding Armor
47:08 Bow Saw
47:52 Ironclad
47:13 Long Swordsman
47:39 Gambesons
47:55 Squires
49:12 Pikeman
51:12 Town Patrol
51:37 Ballistics
52:38 Heavy Plow
57:20 Imperial Age
58:39 Two-Handed Swordsman
58:39 Halberdier
60:25 Conscription
60:45 Cavalier
61:36 Bloodlines
61:30 Champion
63:53 Chemistry
63:58 Plate Mail Armor
64:28 Blast Furnace
64:06 Plate Barding Armor
63:36 Elite Teutonic Knight
64:38 Conscription
66:31 Hoardings
67:59 Halberdier
72:23 Onager
72:23 Capped Ram
72:42 Paladin
76:34 Onager
79:05 Fortified Wall
82:26 Siege Onager
82:27 Capped Ram
Hunkter
0:46 Loom
19:31 Feudal Age
23:05 Wheelbarrow
22:49 Horse Collar
22:59 Double-Bit Axe
23:55 Gold Mining
29:44 Castle Age
30:04 Fletching
30:23 Stone Mining
31:40 Bow Saw
35:07 Hand Cart
34:59 Bodkin Arrow
36:27 Elite Skirmisher
37:18 Eagle Warrior
40:27 Heavy Plow
47:09 Imperial Age
46:17 Caravan
46:54 Padded Archer Armor
48:39 Crop Rotation
50:02 Conscription
50:55 Two-Man Saw
49:53 Elite Plumed Archer
50:54 Leather Archer Armor
52:05 Bracer
54:12 Ring Archer Armor
58:44 Ballistics
58:33 Heavy Scorpion
58:39 Onager
59:55 Holcans
59:03 Elite Eagle Warrior
60:47 Stone Shaft Mining
60:16 Scale Mail Armor
60:50 Murder Holes
61:05 Arson
62:38 Chemistry
62:42 Chain Mail Armor
63:07 Fortified Wall
76:04 Forging
76:24 Plate Mail Armor
ricardo_srs
17:03 Feudal Age
18:19 Wheelbarrow
17:31 Double-Bit Axe
19:08 Town Watch
26:45 Castle Age
24:53 Stone Mining
27:52 Bow Saw
39:37 Imperial Age
38:14 Fortified Wall
38:29 Forging
38:19 Scale Mail Armor
38:25 Scale Barding Armor
39:27 Fervor
39:38 Hand Cart
41:50 Chemistry
43:02 Gold Mining
44:45 #83
43:49 Elite Throwing Axeman
44:27 Cavalier
45:09 Husbandry
47:19 Heavy Scorpion
47:22 Onager
48:43 Chivalry
49:08 Conscription
51:29 Gold Shaft Mining
50:20 Paladin
51:40 Iron Casting
51:21 Chain Mail Armor
51:26 Chain Barding Armor
70:52 Pikeman
71:33 Squires
81:05 Light Cavalry
83:10 Caravan
GymNASAt
0:33 Loom
15:11 Feudal Age
15:47 Double-Bit Axe
15:47 Horse Collar
21:09 Castle Age
20:13 Fletching
23:20 Bow Saw
23:04 Stone Mining
24:13 Wheelbarrow
25:59 Heavy Plow
28:48 Stone Shaft Mining
29:43 Hand Cart
35:10 Imperial Age
34:07 Fishing Lines
35:54 Thumb Ring
39:10 Gold Mining
39:43 Ballistics
39:22 Bodkin Arrow
39:00 Heavy Rocket Cart
41:45 Gold Shaft Mining
41:35 Conscription
40:45 Elite Fire Lancer
42:13 Caravan
43:18 Chemistry
42:12 Heated Shot
42:27 Padded Archer Armor
43:23 Elite Chu Ko Nu
44:24 Rocketry
45:07 Bracer
45:09 Scale Mail Armor
45:21 Forging
45:04 Gillnets
45:32 Medium Warships
45:12 Town Watch
48:24 Heavy Cavalry Archer
49:37 Bloodlines
49:28 Husbandry
48:49 Cavalier
49:04 Light Cavalry
50:23 Fortified Wall
50:00 Arrowslits
50:26 Masonry
49:55 Light Cavalry
60:08 Iron Casting
59:49 Leather Archer Armor
59:49 Chain Mail Armor
59:40 Scale Barding Armor
60:10 Architecture
60:01 Bombard Tower
59:37 Murder Holes
62:14 Coinage
62:02 Careening
64:11 Banking
64:44 Squires
66:36 Blast Furnace
66:06 Plate Mail Armor
66:06 Ring Archer Armor
65:57 Chain Barding Armor
65:29 Elite Skirmisher
68:11 Heavy Warships
68:07 Squires
67:53 Arson
67:29 Pikeman
70:50 Town Patrol
kolemy
1:19 Loom
19:36 Feudal Age
20:26 Horse Collar
20:36 Double-Bit Axe
23:29 Gold Mining
23:32 Stone Mining
24:09 Fishing Lines
25:35 Fletching
26:25 Wheelbarrow
25:35 Town Watch
30:10 Castle Age
29:24 Man-at-Arms
29:50 Arson
31:35 Crossbowman
32:42 Bow Saw
35:34 Caravan
36:19 Stone Shaft Mining
35:47 Bodkin Arrow
35:41 Treadmill Crane
36:22 Ballistics
35:58 Murder Holes
36:14 Fortified Wall
36:01 Gillnets
38:27 Hand Cart
38:13 Town Patrol
40:44 Imperial Age
37:40 Elite Skirmisher
38:31 Heavy Plow
40:02 Long Swordsman
40:03 Pikeman
40:43 Squires
40:07 Light Cavalry
40:57 Bloodlines
40:48 Husbandry
40:57 Thumb Ring
42:48 Bracer
43:52 Chemistry
46:01 Two-Man Saw
45:22 Guilds
45:43 Coinage
46:20 Arbalester
48:43 Paper Money
48:24 Chatras
48:22 Elite Battle Elephant
48:27 Cavalier
49:42 Crop Rotation
49:52 Banking
50:42 Padded Archer Armor
50:43 Scale Mail Armor
50:48 Scale Barding Armor
52:08 Two-Handed Swordsman
53:27 Onager
56:47 Forging
56:53 Chain Mail Armor
56:58 Chain Barding Armor
56:54 Leather Archer Armor
56:03 Imperial Skirmisher
CrewFor163
4:04 Loom
17:52 Feudal Age
19:12 Arson
18:48 Man-at-Arms
24:22 Double-Bit Axe
27:14 Gold Mining
30:17 Stone Mining
31:08 Wheelbarrow
43:34 Castle Age
44:26 Husbandry
44:42 Bloodlines
45:41 Bow Saw
45:20 Horse Collar
46:34 Town Watch
48:56 Elite Skirmisher
51:55 Town Patrol
52:49 Stone Shaft Mining
58:07 Imperial Age
56:06 Hand Cart
58:24 Imperial Age
57:31 Ballistics
57:07 Murder Holes
58:19 Long Swordsman
59:18 Onager
61:49 Chemistry
Connection lost

Rejoining the realm…

Still unreachable

The connection could not be restored.

Session expired

The server has moved on; the page needs a fresh start.